Map: Cerulean Fall LE

Players

IIIIIlIIIIII - Winner!

  • Race: Terran Terran
  • League: Master
  • Spawn Location: 7:00

Ikaruga

  • Race: Terran Terran
  • Spawn Location: 1:00

VOD

Have the link to the VOD?

Description

Time

  • Played on: Nov. 22, 2018, 4:53 p.m.
  • Length: 9:13
Show
View Real Time Build Order
Export as new Build Order

IIIIIlIIIIII Terran - Winner!

Build Orders: Command Center First (CC), Mech 

Get SALT Encoding   

  12  0:00  SCV  
  13  0:12  SCV  
  14  0:17  Supply Depot  
  14  0:24  SCV  
  15  0:39  SCV  
  16  0:51  SCV  
  17  1:01  Command Center  
  17  1:04  SCV  
  18  1:15  Barracks  
  18  1:18  SCV  
  18  1:25  Refinery  
  19  1:29  Refinery  
  19  1:33  SCV  
  20  1:45  SCV  
  21  2:02  Orbital Command, Marine  
  21  2:08  Bunker  
  22  2:13  Orbital Command  
  22  2:20  Marine  
  23  2:29  Factory  
  23  2:32  SCV  
  24  2:40  SCV  
  25  2:44  SCV  
  27  2:52  SCV  
  27  2:56  SCV, Barracks Reactor  
  28  3:04  SCV  
  29  3:11  SCV  
  30  3:12  Starport  
  30  3:13  Starport  
  30  3:16  SCV  
  31  3:23  SCV  
  32  3:28  SCV  
  32  3:30  Supply Depot  
  33  3:37  Hellion x2  
  33  3:38  SCV  
  38  3:41  Barracks Tech Lab  
  38  3:46  Refinery x2  
  38  3:51  SCV  
  38  3:52  Viking  
  38  3:55  SCV, Supply Depot  
  41  3:59  Hellion  
  41  4:02  Hellion  
  46  4:13  Supply Depot  
  46  4:16  SCV x2, Raven  
  50  4:27  Supply Depot  
  50  4:28  SCV x2  
  50  4:29  Starport Tech Lab  
  50  4:31  Hellion  
  54  4:35  Corvid Reactor, Hellion  
  56  4:40  SCV  
  57  4:47  SCV  
  57  4:48  Raven  
  57  4:50  Supply Depot  
  57  4:52  Hellion  
  62  4:53  SCV  
  62  4:56  Hellion  
  62  4:59  Raven  
  67  5:00  SCV  
  67  5:05  SCV  
  69  5:10  Engineering Bay  
  69  5:12  SCV  
  69  5:13  Hellion  
  72  5:17  SCV  
  72  5:18  Hellion  
  75  5:24  SCV  
  76  5:29  Supply Depot  
  76  5:30  Raven  
  76  5:32  Supply Depot  
  78  5:38  Hi-Sec Auto Tracking  
  78  5:41  Command Center  
  78  5:51  SCV x2, Raven  
  78  5:52  Supply Depot  
  78  5:54  Hellion  
  78  5:57  Hellion  
  86  6:00  Supply Depot  
  86  6:03  SCV  
  87  6:11  SCV  
  88  6:13  Raven  
  88  6:15  SCV  
  88  6:16  Hellion  
  88  6:18  Hellion  
  95  6:20  Supply Depot  
  95  6:35  Neosteel Armor  
  95  6:37  Hellion  
  95  6:38  Supply Depot  
  95  6:39  SCV x2, Hellion  
  101  6:55  Factory  
  101  6:58  Hellion  
  101  7:01  Hellion  
  105  7:03  Factory  
  105  7:09  SCV x2  
  107  7:18  Orbital Command  
  107  7:21  SCV x2, Refinery  
  107  7:22  Refinery  
  109  7:23  Viking x2  
  109  7:25  Hellion  
  109  7:26  Hellion  
  117  7:43  Siege Tank  
  120  7:49  Siege Tank  
  120  7:50  Hellion x2  
  127  7:53  Viking x2  
  127  7:54  SCV x2  
  133  8:04  Command Center  
  133  8:06  Supply Depot  
  133  8:07  Supply Depot  
  130  8:15  Siege Tank  
  130  8:19  Hellion x2  
  137  8:21  Siege Tank  
  140  8:30  SCV  
  140  8:34  SCV x2  
  139  8:39  Viking  
  139  8:40  Viking, Hellion  
  139  8:41  Hellion  
  147  8:44  Fusion Core  
  150  9:00  Refinery  
  136  9:05  Refinery  
Show
View Real Time Build Order
Export as new Build Order

Ikaruga Terran 

Build Orders: Mech 

Get SALT Encoding   

  12  0:01  SCV  
  13  0:13  SCV  
  14  0:17  Supply Depot  
  14  0:25  SCV  
  15  0:29  Refinery  
  15  0:39  SCV  
  16  0:45  Barracks  
  16  0:51  SCV  
  17  1:03  SCV  
  18  1:15  SCV  
  19  1:33  Orbital Command  
  19  1:45  Command Center  
  19  1:48  Barracks Reactor  
  19  2:00  Factory  
  19  2:03  SCV  
  20  2:12  Supply Depot  
  21  2:15  SCV  
  21  2:24  Marine x2  
  23  2:37  SCV, Refinery  
  23  2:43  Marine x2  
  26  2:44  Factory Tech Lab  
  26  2:49  SCV  
  27  2:58  Orbital Command  
  27  3:02  SCV, Siege Tank  
  27  3:03  Marine  
  32  3:06  Marine  
  33  3:14  SCV  
  34  3:20  Starport  
  34  3:21  Marine  
  34  3:24  SCV, Marine  
  37  3:28  SCV  
  38  3:36  SCV  
  38  3:39  Siege Tank  
  38  3:40  SCV  
  43  3:48  SCV  
  43  3:49  Engineering Bay  
  43  3:52  SCV  
  45  4:00  Supply Depot  
  45  4:01  SCV  
  46  4:10  Supply Depot  
  46  4:22  SCV, Marine x2, Siege Tank, Viking  
  54  4:25  SCV  
  54  4:29  Missile Turret  
  55  4:33  Missile Turret  
  55  4:34  SCV  
  55  4:36  Missile Turret  
  55  4:37  SCV  
  57  4:40  Marine x2  
  59  4:46  SCV  
  59  4:49  SCV  
  61  4:54  Viking, Supply Depot  
  61  4:58  SCV  
  64  5:01  SCV  
  65  5:07  Siege Tank  
  65  5:10  SCV  
  65  5:13  SCV  
  70  5:16  Marine x2  
  70  5:17  Supply Depot  
  72  5:23  SCV, Bunker  
  72  5:25  Viking  
  72  5:26  SCV  
  76  5:30  Supply Depot  
  76  5:34  Marine x2  
  78  5:38  SCV  
  78  5:41  Command Center  
  79  5:45  SCV  
  79  5:47  Missile Turret  
  79  5:48  Siege Tank  
  83  5:50  SCV  
  83  5:56  Viking  
  86  5:58  SCV, Missile Turret  
  88  6:04  SCV  
  88  6:10  SCV, Missile Turret  
  89  6:12  Factory  
  89  6:13  Refinery x2  
  89  6:19  SCV  
  89  6:24  SCV  
  91  6:26  Widow Mine  
  91  6:31  SCV  
  94  6:33  Supply Depot  
  94  6:35  Supply Depot  
  94  6:53  SCV x2, Viking, Missile Turret  
  98  6:54  Siege Tank  
  98  6:58  Hellion x2  
  106  7:03  Missile Turret  
  106  7:05  SCV x2, Missile Turret  
  106  7:06  Orbital Command  
  107  7:22  SCV x2  
  108  7:25  Starport Reactor  
  108  7:26  Missile Turret  
  108  7:29  Command Center  
  108  7:35  Siege Tank  
  108  7:36  SCV  
  108  7:37  SCV  
  112  7:48  SCV  
  112  7:49  SCV  
  113  7:57  Factory  
  113  8:00  SCV  
  113  8:01  SCV  
  113  8:03  Supply Depot  
  113  8:04  Factory  
  113  8:05  Supply Depot, Armory  
  115  8:06  Starport  
  115  8:08  Armory  
  115  8:12  SCV  
  112  8:20  Siege Tank  
  112  8:21  Hellion x2  
  112  8:22  Viking x2  
  123  8:28  SCV  
  123  8:30  Orbital Command  
  123  8:32  SCV  
  123  8:36  Supply Depot  
  123  8:39  Supply Depot  
  123  8:40  SCV  
  121  8:49  Starport Tech Lab  
  121  8:50  Factory Tech Lab x2  
  121  8:51  Hellion x2  
  121  8:55  Refinery  
  127  8:56  Refinery  
Tags
 
Composition
MechMech
League
Master
Matchup
TvT
Race
Terran
Spawn Locations
Cross Positions
Add a new tag
Caveats
  • Supply blocks, unpowered buildings, or Contaminate may cause inaccurate times.
  • Supply counts are checked every 10 seconds.